 Dungeon Crawl Stone Soup version 0.21.1-1-g345015f (webtiles) character file.

99 inc the Chopper (level 4, -3/35 HPs)
             Began as a Demonspawn Monk on June 15, 2018.
             Slain by a gnoll
             ... wielding a +0 spear
              (8 damage)
             ... on level 2 of the Dungeon.
             The game lasted 00:02:44 (2461 turns).

inc the Chopper (Demonspawn Monk)                   Turns: 2461, Time: 00:02:45

Health: -3/35      AC:  5    Str: 13    XL:     4   Next: 45%
Magic:  0/4        EV: 11    Int: 11    God:
Gold:   110        SH:  0    Dex: 15    Spells: 3/3 levels left

rFire    . . .     SeeInvis .   a - +0 hand axe
rCold    . . .     Gourm    .   (no shield)
rNeg     . . .     Faith    .   l - +0 ring mail
rPois    .         Spirit   +   (no helmet)
rElec    .         Reflect  .   (no cloak)
rCorr    +         Harm     .   (no gloves)
MR       .....                  (no boots)
Stlth    +.........             (no amulet)
HPRegen  0.11/turn              k - ring of resist corrosion
MPRegen  0.09/turn              (no ring)

@: no status effects
A: spiny 1, magic shield
a: no special abilities


You were on level 2 of the Dungeon.
You were hungry.

You visited 1 branch of the dungeon, and saw 2 of its levels.

You collected 110 gold pieces.

Inventory:

Hand Weapons
 a - a +0 hand axe (weapon)
Armour
 b - a +0 robe
 l - a +0 ring mail (worn)
Jewellery
 k - a ring of resist corrosion (left hand)
Scrolls
 d - a scroll of teleportation {unknown}
 f - a scroll of enchant weapon {unknown}
 h - 2 scrolls of remove curse {unknown}
 i - a scroll of identify {unknown}
 m - a scroll of noise {unknown}
 n - a scroll of amnesia {unknown}
Potions
 e - a potion of heal wounds {unknown}
 g - 4 potions of curing {unknown}
 j - a potion of haste {unknown}
 o - 2 potions of agility {unknown}
Comestibles
 c - 3 rations


   Skills:
 - Level 3.0 Fighting
 + Level 4.8 Axes
 - Level 2.6 Dodging
 - Level 1.7 Stealth


You had 3 spell levels left.
You didn't know any spells.

Dungeon Overview and Level Annotations

Branches:
Dungeon (2/15)

Altars:


Innate Abilities, Weirdness & Mutations

You are partially covered in sharp spines.
When hurt, damage is shared between your health and your magic reserves.


Message History

* * * LOW HITPOINT WARNING * * *
You barely miss the gnoll.
The gnoll is heavily wounded.
The gnoll barely misses you.
You barely miss the gnoll.
The gnoll is heavily wounded.
The gnoll hits you with a spear.
* * * LOW HITPOINT WARNING * * *
The gnoll hits you but does no damage.
You hit the gnoll but do no damage.
The gnoll is heavily wounded.
The gnoll hits you with a spear.
* * * LOW HITPOINT WARNING * * *
You barely miss the gnoll.
The gnoll is heavily wounded.
The gnoll hits you with a spear.
You hit the gnoll.
The gnoll is heavily wounded.
The gnoll hits you with a spear!
You die...

..##....#######..........###.##..
..##.#####...............# #.##..
..'......................# #.####
..##.#..................[# #.#
####.#.###.#..######..#.## #.#
#...# #.#..# #..#.# #.# #.###
#.#..# #..#.# #.#
##########.#########..#.####.####
................@g.#..#.#.......#
##########.#######.#..#.#.......#
.............#...#.#....#.......#
##########.#.#.#.#.#.#..####.####
#<...###.#.#.......#..# #.#
####.....#.....#.####.####.####
########...g##.## #..........
.g.g. #........####.###.####
...... #..#.....+............


You could see a gnoll.

Vanquished Creatures
  5 gnolls (D:2)
  2 adders (D:2)
  An ooze (D:2)
  A giant cockroach (D:1)
  A goblin (D:1)
  4 hobgoblins
  A bat (D:1)
  3 frilled lizards (D:1)
  4 kobolds (D:1)
  18 rats
40 creatures vanquished.

Notes
Turn   | Place    | Note
-------+----------+-------------------------------------------
     0 | D:1      | inc the Demonspawn Monk began the quest for the Orb.
     0 | D:1      | Reached XP level 1. HP: 18/18 MP: 1/1
    13 | D:1      | Reached skill level 3 in Axes
    78 | D:1      | Gained mutation: When hurt, damage is shared between your health and your magic reserves. [demonic ancestry]
    78 | D:1      | Reached XP level 2. HP: 23/24 MP: 2/2
  1405 | D:2      | Gained mutation: You are partially covered in sharp spines. [demonic ancestry]
  1405 | D:2      | Reached XP level 3. HP: 23/29 MP: 1/3
  1481 | D:2      | Reached skill level 4 in Axes
  2075 | D:2      | Reached XP level 4. HP: 35/35 MP: 4/4
  2461 | D:2      | Slain by a gnoll

Skill      XL: |  1  2  3 |
---------------+----------+-----
Axes           | 3 4 |  4.8
Fighting       | |  3.0
Dodging        | |  2.6
Stealth        | |  1.7

Action                   |  1- 3 |  4- 6 || total
-------------------------+-------+-------++-------
Melee: Hand axe          |   102 |    23 ||   125
 Stab: Sleeping          |     6 |       ||     6
  Eat: Chunk             |     3 |     1 ||     4
Armor: Robe              |    11 |       ||    11
       Ring mail         |     7 |     2 ||     9
Dodge: Dodged            |    44 |     8 ||    52
